 Dungeon Crawl Stone Soup version 0.18-a0-1426-g3b9a63c (webtiles) character file.

4965 Fabri the Thaumaturge (level 10, -6/100 HPs)
             Began as a Naga Wizard on Feb 27, 2016.
             Was an Initiate of Gozag.
             Mangled by a guardian serpent (18 damage)
             ... on level 9 of the Dungeon.
             The game lasted 01:08:43 (11259 turns).

Fabri the Thaumaturge (Naga Wizard)                Turns: 11259, Time: 01:08:44

Health: -6/100     AC: 15    Str: 11    XL:     10   Next: 53%
Magic:  20/25      EV:  6    Int: 18    God:    Gozag
Gold:   1383       SH:  0    Dex: 12    Spells: 7 memorised, 16 levels left

rFire  + + .     SeeInvis +     i - +4 flail (crush)
rCold  . . .     Gourm    .     I - +4 ring mail of Dishonesty {+Blink rF++ rCorr Int-2}
rNeg   + . .     Faith    .     (no shield)
rPois  +         Spirit   .     r - +0 helmet
rElec  .         Dismiss  .     t - +0 cloak
rCorr  +         Reflect  .     (no gloves)
SustAt .         Harm     .     N - +0 naga barding
MR     +....                    (no amulet)
Stlth  ++........               o - ring of positive energy
                                L - +2 ring of intelligence

@: lethally poisoned (-6 -> -14), about to teleport, very slightly contaminated,
slowed, very slow, somewhat resistant to hostile enchantments, unstealthy
A: see invisible, deformed body, poison resistance, slowness 2, slow metabolism
1, spit poison 2, AC +3
a: Spit Poison, Potion Petition, Call Merchant, Bribe Branch, Renounce Religion,
Evoke Blink


You were on level 9 of the Dungeon.
You worshipped Gozag.
Gozag was noncommittal.
You were not hungry.

You visited 2 branches of the dungeon, and saw 10 of its levels.

You collected 1438 gold pieces.
You paid 55 gold pieces to Gozag.

Inventory:

Hand Weapons
 i - a +4 flail of crushing (weapon)
 E - a +2 rapier of speed
 H - a +3 dagger of chaos
 O - a +2 war axe of chopping
 S - a +0 flail of holy wrath
Missiles
 e - 61 arrows
 k - 103 sling bullets
 l - 489 stones (quivered)
 m - 4 throwing nets
 A - 82 bolts
Armour
 r - a +0 helmet (worn)
 t - a +0 cloak (worn)
 I - the +4 ring mail of Dishonesty (worn) {+Blink rF++ rCorr Int-2}
   (You found it on level 6 of the Dungeon)

   It affects your intelligence (-2).
   It greatly protects you from fire.
   It lets you blink.
   It protects you from acid and corrosion.
 K - a +2 robe of magic resistance
 N - a +0 naga barding (worn)
Jewellery
 b - an uncursed ring of protection from fire
 o - a ring of positive energy (right hand)
 L - a +2 ring of intelligence (left hand)
Wands
 a - a wand of flame (37/48)
 q - a wand of polymorph (6/24)
 s - a wand of polymorph (15/24)
 x - a wand of teleportation (6/9)
 G - a wand of iceblast (6/15)
 J - a wand of flame (31/48)
Scrolls
 c - 2 scrolls of remove curse
 f - a scroll of vulnerability {unknown}
 v - a scroll of identify
 y - a scroll of magic mapping
 z - a scroll of teleportation {unknown}
 D - a scroll of enchant weapon
 M - a scroll of fog
 Q - a scroll of enchant armour {unknown}
Potions
 g - 3 potions of magic
 j - a potion of cancellation {unknown}
 n - a potion of agility {unknown}
 p - a potion of curing
 u - 2 potions of degeneration {unknown}
 F - a potion of flight {unknown}
 R - a potion of mutation {unknown}
Books
 B - a book of the Earth

   Spells                             Type                      Level
   a - Leda's Liquefaction            Hexes/Earth                  4
   b - Bolt of Magma                  Conjuration/Fire/Earth       5
   c - Statue Form                    Transmutation/Earth          6
   d - Iron Shot                      Conjuration/Earth            6
   e - Shatter                        Earth                        9
Comestibles
 d - 4 bread rations
 h - 2 beef jerkies
 w - 3 meat rations


   Skills:
 * Level 9.6 Fighting
 - Level 1.5 Dodging
 - Level 3.0 Stealth
 - Level 11.1 Spellcasting
 - Level 1.0 Conjurations
 - Level 1.0 Summonings
 - Level 1.0 Translocations


You had 16 spell levels left.
You knew the following spells:

 Your Spells              Type           Power        Failure   Level  Hunger
a - Magic Dart            Conj           ##..         14%         1    None
b - Blink                 Tloc           N/A          21%         2    None
c - Call Imp              Summ           ##......     21%         2    None
d - Conjure Flame         Conj/Fire      ##......     47%         3    None
e - Mephitic Cloud        Conj/Pois/Air  ##......     47%         3    None
f - Repel Missiles        Chrm/Air       ##....       30%         2    None
g - Searing Ray           Conj           ##....       21%         2    None


Dungeon Overview and Level Annotations

Branches:
Dungeon (9/15)             Temple (1/1) D:4
   Lair: D:8-11         Orc: D:9-12

Altars:
Ashenzari
Dithmenos
Elyvilon
Fedhas
Gozag
Kikubaaqudgha
Makhleb
Nemelex Xobeh
Okawaru
Pakellas
Qazlal
Ru
Sif Muna
Trog
Vehumet
Xom
Yredelemnul
Zin
The Shining One


Innate Abilities, Weirdness & Mutations

You cannot wear boots.
Your serpentine skin is tough (AC +3).
You have supernaturally acute eyesight.
Armour fits poorly on your strangely shaped body.
Your system is resistant to poisons.
You cover ground very slowly.
You have a slow metabolism.
You can spit poison.


Message History

The guardian serpent coils itself and waves its upper body at you.
You easily resist.
The guardian serpent casts a spell at you.
The bolt of poison hits you!
You are poisoned.
You resist.
You hear a shout!
Read which item? (? for menu, Esc to quit)
Okay, then.
Evoke which item? (* to show all) (? for menu, Esc to quit)
Zapping:
x - a wand of teleportation (7/9)
Press: ? - help, Shift-Dir - straight line, f - you You feel strangely unstable.
This wand has 6 charges left.
You feel sick. The guardian serpent hits you!
* * * LOW HITPOINT WARNING * * *
The guardian serpent hits you.
* * * LOW HITPOINT WARNING * * *
The guardian serpent hits you!!
You die...
Your body crumbles into a pile of gold.

.# #.## #.#
.#.#### #..
..# ........
... >##
.#......
#.## #
.#####.#
...# # ..
#######.##.#
.##
#..........#
...
#.#####S####
#### #@# #.#
#.# #.# #.#
#.# #.# #.#


You could see a guardian serpent.

Vanquished Creatures
  A deep elf knight (D:6)
  Psyche (D:8)
  The ghost of Wiebster667 the Digger, a novice GrEE of Vehumet (D:4)
  A troll (D:9)
  Eustachio (D:6)
  Edmund (D:4)
  Purgy (D:4)
  A sky beast (D:8)
  8 orc warriors
  6 ogres
  A phantom (D:7)
  2 centaurs
  A big kobold (D:7)
  Blork the orc (D:6)
  2 gnoll sergeants (D:6)
  3 giant frogs (D:8)
  A wight (D:7)
  A howler monkey (D:6)
  5 crimson imps
  3 jellies
  A quasit (D:8)
  3 hounds
  Crazy Yiuf (D:6)
  2 gnoll shamans (D:7)
  5 orc priests
  4 orc wizards
  A centaur skeleton (D:4)
  2 iguanas
  Terence (D:3)
  2 worker ants (D:5)
  A killer bee zombie (D:7)
  3 hound skeletons
  A worker ant zombie (D:9)
  Robin (D:4)
  6 adders
  10 gnolls (D:7)
  3 oozes
  An adder zombie (D:6)
  2 worms
  3 dart slugs
  5 giant geckos
  34 orcs
  6 bats
  6 giant cockroaches
  21 goblins
  8 hobgoblins
  2 jackals (D:6)
  8 quokkas
  2 ball pythons
  A giant gecko skeleton (D:4)
  5 giant newts
  9 kobolds
  A quokka skeleton (D:4)
  6 rats
209 creatures vanquished.

Vanquished Creatures (collateral kills)
  Grinder (D:3)
  A goblin (D:3)
  A rat (D:3)
3 creatures vanquished.

Vanquished Creatures (others)
  An ogre (D:7)
  3 wights (D:7)
  A lightning spire (D:2)
  A killer bee zombie (D:7)
  2 bushes (D:2)
  5 fungi (D:7)
  5 plants (D:7)
18 creatures vanquished.

Grand Total: 230 creatures vanquished

Notes
Turn   | Place    | Note
--------------------------------------------------------------
     0 | D:1      | Fabri the Naga Wizard began the quest for the Orb.
     0 | D:1      | Reached XP level 1. HP: 15/15 MP: 4/4
   190 | D:1      | Reached XP level 2. HP: 20/22 MP: 0/6
   205 | D:1      | Learned a level 2 spell: Blink
   208 | D:1      | Learned a level 2 spell: Call Imp
   854 | D:2      | Reached XP level 3. HP: 28/28 MP: 1/8
   945 | D:2      | Reached skill level 4 in Spellcasting
   961 | D:2      | Found a faded altar to an unknown god.
  1350 | D:2      | Found a bloodstained altar of Trog.
  1733 | D:2      | Found an oddly glowing altar of Pakellas.
  1734 | D:2      | Noticed a gargoyle
  1978 | D:2      | Reached XP level 4. HP: 19/36 MP: 0/10
  1991 | D:2      | Learned a level 3 spell: Conjure Flame
  1995 | D:2      | Learned a level 3 spell: Mephitic Cloud
  2587 | D:3      | Noticed Grinder
  2590 | D:3      | Paralysed by Grinder for 4 turns
  2597 | D:3      | Paralysed by Grinder for 2 turns
  2631 | D:3      | Killed Grinder
  2631 | D:3      | Reached skill level 5 in Spellcasting
  2631 | D:3      | Reached XP level 5. HP: 37/42 MP: 11/13
  2759 | D:3      | Reached skill level 6 in Spellcasting
  2759 | D:3      | Reached XP level 6. HP: 23/49 MP: 2/15
  3016 | D:3      | Noticed Terence
  3053 | D:3      | Killed Terence
  3572 | D:3      | Learned a level 2 spell: Repel Missiles
  3730 | D:4      | Noticed Wiebster667's ghost (novice GrEE)
  3809 | D:4      | Killed Wiebster667's ghost
  3809 | D:4      | Reached skill level 7 in Spellcasting
  3809 | D:4      | Reached XP level 7. HP: 35/55 MP: 4/17
  4040 | D:4      | Found a staircase to the Ecumenical Temple.
  4045 | Temple   | Entered the Ecumenical Temple
  4063 | Temple   | Became a worshipper of Gozag Ym Sagoz the Greedy
  4311 | D:4      | Learned a level 2 spell: Searing Ray
  4365 | D:4      | Noticed Purgy
  4380 | D:4      | Killed Purgy
  4517 | D:4      | Noticed Robin
  4530 | D:4      | Killed Robin
  4864 | D:4      | Noticed Edmund
  4887 | D:4      | Killed Edmund
  4887 | D:4      | Reached skill level 8 in Spellcasting
  5338 | D:5      | Entered Level 5 of the Dungeon
  5488 | D:5      | Reached XP level 8. HP: 62/62 MP: 9/20
  5512 | D:5      | Found a burning altar of Makhleb.
  5622 | D:5      | Reached skill level 9 in Spellcasting
  5971 | D:6      | Found a sparkling altar of Nemelex Xobeh.
  6192 | D:6      | Got a brightly glowing ring mail
  6203 | D:6      | Identified the +4 ring mail of Dishonesty {+Blink rF++ rCorr Int-2} (You found it on level 6 of the Dungeon)
  6276 | D:6      | Noticed Crazy Yiuf
  6332 | D:6      | Killed Crazy Yiuf
  6432 | D:6      | Found a blossoming altar of Fedhas.
  6433 | D:6      | Found an ancient bone altar of Kikubaaqudgha.
  6512 | D:6      | Noticed Blork the orc
  6517 | D:6      | Noticed a deep elf knight
  6524 | D:6      | Killed Blork the orc
  6543 | D:6      | Killed a deep elf knight
  6543 | D:6      | Reached skill level 10 in Spellcasting
  6575 | D:6      | Reached XP level 9. HP: 55/68 MP: 17/23
  6923 | D:6      | Noticed Eustachio
  6949 | D:6      | Killed Eustachio
  6949 | D:6      | Reached skill level 11 in Spellcasting
  7455 | D:7      | Reached skill level 1 in Fighting
  7923 | D:7      | Reached skill level 5 in Fighting
  8509 | D:7      | Found a shattered altar of Ashenzari.
  8879 | D:7      | Reached XP level 10. HP: 92/92 MP: 25/25
  8932 | D:7      | Found a radiant altar of Vehumet.
  9763 | D:8      | Noticed Psyche
  9780 | D:8      | Killed Psyche
 10212 | D:8      | Found a stormy altar of Qazlal.
 11241 | D:9      | Noticed a guardian serpent
 11259 | D:9      | Mangled by a guardian serpent

Vault maps used:
D:1:      elethiomel_arrival_shortcut
D:2:      gammafunk_pakellas_spire_experiment, ecumenical_altar_1,
          trog_hazing_becter
D:3:      uniq_grinder, uniq_terence
D:4:      temple_doors_d, first_bread, uniq_edmund, uniq_robin, uniq_purgy
D:5:      kennysheep_mini, hangedman_decor_diamond_cutter
D:6:      grunt_temple_overflow_growth_and_decay,
          nemelex_xobeh_ov_fountains_minmay, sword_in_stone, uniq_blork_the_orc,
          uniq_crazy_yiuf_cottage, uniq_eustachio
D:7:      kennysheep_seaside_town, nicolae_ashenzari_panopticon,
          fiery_altar_vehumet, grunt_ogre_cave, kennysheep_generic_room_5
D:8:      overflow_temple_1_default, kennysheep_generic_room_8, uniq_psyche
D:9:      nicolae_overflow_crystal_walls, orc_0_dummy, serial_shops,
          nicolae_shop_statue_plus, nrook_guardian_serpent_ordinary
Temple:   bh_familiar_temple

Skill      XL: |  1  2  3  4  5  6  7  8  9 10 |
---------------+-------------------------------+-----
Spellcasting   | 4 5 6 7 8 10 11 | 11.1
Fighting       | 6 9 |  9.6
Dodging        | |  1.5
Stealth        | |  3.0
Conjurations   | |  1.0
Summonings     | |  1.0
Translocations | |  1.0

Action                   |  1- 3 |  4- 6 |  7- 9 | 10-12 || total
-------------------------+-------+-------+-------+-------++-------
Melee: Unarmed           |     4 |       |       |       ||     4
       Dagger            |       |    54 |    33 |       ||    87
       Flail             |       |       |   248 |   205 ||   453
       Rapier            |       |       |    51 |       ||    51
 Cast: Magic Dart        |    86 |    65 |    52 |    13 ||   216
       Blink             |     7 |     5 |     1 |     2 ||    15
       Call Imp          |       |     7 |       |       ||     7
       Mephitic Cloud    |       |     2 |    20 |     6 ||    28
       Conjure Flame     |       |     5 |     2 |       ||     7
       Searing Ray       |       |       |     5 |     1 ||     6
Invok: Potion Petition   |       |       |     1 |       ||     1
 Abil: Spit Poison       |    23 |    20 |    20 |     4 ||    67
Evoke: Wand              |       |       |       |     2 ||     2
  Use: Scroll            |     1 |     4 |     7 |     4 ||    16
       Potion            |     1 |     6 |     8 |     2 ||    17
 Stab: Confused          |       |     1 |     6 |     3 ||    10
       Sleeping          |       |       |     5 |     1 ||     6
       Distracted        |       |       |       |     1 ||     1
  Eat: Chunk             |     3 |     6 |       |       ||     9
       Beef jerky        |       |       |     2 |     4 ||     6
       Bread ration      |       |       |     3 |       ||     3
       Royal jelly       |       |       |     1 |       ||     1
